Map: [ESL] Hard Lead

Players

RedpackCuKu (CuKu)

  • Race: Terran Terran
  • League: Grandmaster
  • Spawn Location: 11:00

PtitDrogo - Winner!

  • Race: Protoss Protoss
  • Spawn Location: 5:00

Event: HomeStory Cup XXIV

VOD

Have the link to the VOD?

Description

Time

  • Played on: Dec. 1, 2023, 3:16 p.m.
  • Length: 7:16

All games in this series

Show
View Real Time Build Order
Export as new Build Order

RedpackCuKu Terran 

Build Orders:  

Get SALT Encoding   

  12  0:00  SCV  
  13  0:12  SCV  
  14  0:17  Supply Depot  
  14  0:25  SCV  
  15  0:39  SCV  
  15  0:40  Barracks  
  16  0:46  Refinery  
  16  0:51  SCV  
  17  1:03  SCV  
  18  1:15  SCV  
  19  1:27  Orbital Command  
  19  1:29  Barracks Reactor  
  19  1:47  Command Center  
  19  1:53  SCV  
  20  1:58  Supply Depot  
  20  2:04  Marine x2  
  20  2:07  SCV  
  23  2:19  Factory  
  23  2:21  SCV  
  24  2:25  Marine x2  
  26  2:31  Refinery  
  26  2:38  SCV  
  26  2:43  Marine x2  
  29  2:50  SCV  
  29  3:06  Orbital Command  
  29  3:11  Cyclone x2  
  32  3:16  SCV  
  33  3:23  Barracks Tech Lab, Starport  
  33  3:38  Barracks  
  31  3:42  Barracks  
  33  3:52  Siege Tank, Marine x2  
  36  3:57  Barracks  
  36  4:01  Supply Depot  
  36  4:05  Liberator  
  39  4:10  Marine x2  
  41  4:20  Supply Depot  
  41  4:25  Siege Tank  
  41  4:26  Marine  
  41  4:28  Marine  
  41  4:30  Marine x2  
  48  4:43  Marine, Supply Depot  
  49  4:45  Marine  
  49  4:49  Marine  
  49  4:50  Marine x2  
  53  4:55  Liberator  
  56  5:01  Marine  
  56  5:03  Marine  
  58  5:07  Siege Tank  
  58  5:11  Marine x2  
  63  5:18  Supply Depot  
  63  5:23  Marine  
  63  5:27  Marine  
  62  5:31  Marine  
  62  5:34  Bunker  
  63  5:39  Bunker  
  64  5:46  Marine  
  64  5:48  Marine  
  64  5:49  Bunker  
  64  5:51  Marine  
  62  6:04  Marine  
  62  6:06  Marine  
  62  6:08  Marine  
  65  6:13  Marine x2  
  65  6:22  Marine  
  65  6:24  Marine  
  67  6:26  Marine  
  67  6:31  Marine  
  61  6:40  Marine  
  61  6:42  Marine  
  61  6:44  Marine  
  51  6:47  Marine  
  51  6:48  Marine  
  52  6:57  Marine  
Show
View Real Time Build Order
Export as new Build Order

PtitDrogo Protoss - Winner!

Build Orders: 1 Gate Expand, Blink Stalkers, Zealot Archon 

Get SALT Encoding   

  12  0:00  Probe  
  13  0:12  Probe  
  14  0:17  Pylon  
  14  0:24  Probe  
  15  0:35  Gateway  
  15  0:36  Probe (Chrono Boost)  
  15  0:41  Assimilator  
  16  0:47  Probe (Chrono Boost)  
  17  0:52  Probe (Chrono Boost)  
  18  1:03  Probe  
  19  1:15  Probe  
  20  1:22  Cybernetics Core  
  20  1:33  Nexus  
  20  1:38  Pylon  
  20  1:41  Probe  
  21  1:50  Assimilator  
  21  1:53  Probe  
  22  1:56  Stalker (Chrono Boost)  
  22  2:01  Warp Gate  
  24  2:05  Probe  
  25  2:16  Adept (Chrono Boost)  
  27  2:23  Probe  
  28  2:35  Probe  
  28  2:36  Twilight Council  
  29  2:43  Gateway  
  29  2:45  Probe (Chrono Boost)  
  31  2:53  Probe (Chrono Boost)  
  31  3:02  Probe (Chrono Boost)  
  31  3:03  Robotics Facility  
  32  3:10  Probe  
  33  3:21  Blink (Chrono Boost), Probe  
  33  3:23  Probe  
  33  3:33  Probe  
  34  3:35  Probe  
  35  3:42  Nexus  
  35  3:45  Probe  
  36  3:48  Stalker x2  
  36  3:51  Observer (Chrono Boost)  
  36  3:53  Probe  
  42  3:57  Probe  
  42  3:59  Pylon  
  43  4:04  Observer (Chrono Boost)  
  43  4:05  Probe  
  43  4:09  Pylon, Probe  
  46  4:15  Pylon  
  46  4:18  Probe  
  46  4:21  Probe, Stalker  
  46  4:23  Stalker  
  52  4:30  Probe  
  53  4:32  Assimilator  
  53  4:33  Assimilator  
  53  4:34  Probe  
  54  4:42  Probe  
  55  4:46  Probe  
  55  4:52  Gateway x2  
  55  4:54  Gateway, Probe  
  55  4:56  Gateway  
  56  5:06  Gateway  
  56  5:09  Gateway, Charge (Chrono Boost)  
  56  5:12  Probe  
  56  5:13  Probe  
  58  5:14  Probe  
  59  5:26  Stalker x2  
  63  5:30  Shield Battery  
  63  5:31  Pylon  
  63  5:36  Templar Archives  
  63  5:48  Zealot x3  
  63  5:49  Zealot  
  71  5:50  Zealot  
  71  5:55  Pylon  
  73  5:57  Pylon  
  67  6:11  Zealot x5  
  68  6:20  High Templar x2  
  68  6:25  Archon  
  65  6:36  Zealot x5  
  42  6:55  Stalker x2  
  42  6:56  Stalker  
  42  6:57  Zealot  
Tags
 
Add a new tag
Caveats
  • Supply blocks, unpowered buildings, or Contaminate may cause inaccurate times.
  • Supply counts are checked every 10 seconds.